 Dungeon Crawl Stone Soup version 0.22-a0-479-gc6e99f3 (webtiles) character file.

1740 Laiders72 the Insei (level 8, -3/68 HPs)
             Began as a Pale Draconian Transmuter on June 14, 2018.
             Was a Believer of Ashenzari.
             Slain by an orc warrior
             ... wielding a +0 long sword
              (21 damage)
             ... on level 7 of the Dungeon.
             The game lasted 00:20:07 (8821 turns).

Laiders72 the Insei (Pale Draconian Transmuter)     Turns: 8821, Time: 00:20:08

Health: -3/68      AC:  9    Str: 12    XL:     8   Next: 77%
Magic:  15/15      EV: 11    Int: 15    God:    Ashenzari [**....]
Gold:   350        SH:  0    Dex: 13    Spells: 2/16 levels left

rFire    + . .     SeeInvis .   (no weapon)
rCold    . . .     Gourm    .   (no shield)
rNeg     . . .     Faith    .   (armour unavailable)
rPois    .         Spirit   .   (helmet restricted)
rElec    .         Reflect  .   (no cloak)
rCorr    .         Harm     .   r - +0 pair of gloves (curse)
MR       +....                  m - +1 pair of boots (curse)
Stlth    +.........             (no amulet)
HPRegen  0.21/turn              g - ring of protection from fire (curse)
MPRegen  0.14/turn              o - ring of protection from magic (curse)

@: appendage (expiring), starving, very heavily drained
A: breathe steam, unfitting armour, horns 2, cold-blooded, AC +6
a: Breathe Steam, End Transformation, Curse Item, Scrying, Renounce Religion


You were on level 7 of the Dungeon.
You worshipped Ashenzari.
Ashenzari was pleased with you.
You were starving.
You had grown temporary horns.
You visited 1 branch of the dungeon, and saw 7 of its levels.
You also visited: Sewer.

You collected 350 gold pieces.

Inventory:

Missiles
 a - 117 arrows
Armour
 m - a cursed +1 pair of boots (worn)
 r - a cursed +0 pair of gloves (worn)
Jewellery
 g - a cursed ring of protection from fire (left hand)
 o - a cursed ring of protection from magic (right hand)
 s - a +2 ring of strength
 t - an uncursed ring of positive energy
Scrolls
 d - 4 scrolls of enchant armour
 e - a scroll of amnesia
 f - a scroll of immolation {unknown}
 k - a scroll of enchant weapon
 p - 3 scrolls of teleportation
 q - 3 scrolls of remove curse
 u - 2 scrolls of fear {unknown}
 v - a scroll of random uselessness {unknown}
 w - a scroll of fog {unknown}
 y - a scroll of blinking {unknown}
Potions
 b - 3 potions of haste
 h - 2 potions of curing
 i - 2 potions of brilliance
 j - 4 potions of mutation
 l - a potion of heal wounds
 n - 5 potions of flight
 x - a potion of agility {unknown}
 z - a potion of lignification {unknown}
Comestibles
 c - 13 rations


   Skills:
 - Level 5.0(0.4) Fighting
 + Level 4.5(0.0) Dodging
 + Level 5.5(0.9) Unarmed Combat
 + Level 4.7(0.2) Spellcasting
 + Level 1.3(0.0) Summonings
 + Level 4.9(1.5) Transmutations
 - Level 2.8(0.0) Ice Magic
 - Level 2.0(0.0) Poison Magic


You had 2 spell levels left.
You knew the following spells:

 Your Spells              Type           Power        Failure   Level  Hunger
a - Beastly Appendage     Tmut           #.....       14%         1    ##.....
b - Sticks to Snakes      Tmut           #.......     22%         2    ###....
c - Spider Form           Tmut/Pois      #.........   50%         3    ####...
d - Ice Form              Ice/Tmut       #.......     88%         4    #####..
e - Summon Ice Beast      Ice/Summ       #.......     95%         4    #####..

Your spell library contained the following spells:

 Spells                   Type           Power        Failure   Level  Hunger
 Throw Frost              Conj/Ice       #.....       38%         2    ###....
 Freeze                   Ice            #...         26%         1    ##.....
 Ozocubu's Armour         Chrm/Ice       #.......     63%         3    ####...
 Blade Hands              Tmut           #.........   98%         5    ######.
 Throw Icicle             Conj/Ice       #.......     95%         4    #####..


Dungeon Overview and Level Annotations

Branches:
Dungeon (7/15)
 Temple: D:4-7

Altars:
Ashenzari
Nemelex Xobeh
Sif Muna
Trog
Uskayaw
Xom


Innate Abilities, Weirdness & Mutations

You can breathe blasts of scalding, opaque steam.
Your pale cyan-grey scales are hard. (AC +6)
You cannot fit into any form of body armour.
You are cold-blooded and may be slowed by cold attacks.
You have a pair of horns on your head.


Message History

The orc warrior is lightly wounded.
The orc warrior closely misses you.
You hit the orc warrior but do no damage.
The orc warrior is lightly wounded.
The orc wizard casts a spell.
The orc wizard flickers and vanishes!
Deactivating autopickup; reactivate with Ctrl-A.
You hit the orc warrior but do no damage.
The orc warrior is lightly wounded.
The orc warrior hits you with a long sword!
You hit the orc warrior but do no damage.
You tail-slap the orc warrior, but do no damage.
The orc warrior is lightly wounded.
An orc comes into view. It is wielding a staff of earth.
The orc warrior hits you with a long sword!
* * * LOW HITPOINT WARNING * * *
You completely miss the orc warrior.
The orc warrior is lightly wounded.
The orc warrior hits you with a long sword!!
You die...

* , , ##### ,### ##... ,
*, ..# * #..., , , *
*#o#.# #..# * * ,*,* #.#$#
#..# , * , #{#.# #.<# **,
, * , ,*#o#.# #..# *,## *
, #@#.# #..# . , * **
#.#.# #..# .# *, , ,
##.#.######..###.# , ,
#................## * *
.######..########........
.........# ##....... , *
######.## ######.##.##
...#####...#####.........#
#.$.^..#.....#.####.####


You could see an orc warrior and an orc.

Vanquished Creatures
  2 sky beasts (D:6)
  An ice beast (D:5)
  A phantom (D:6)
  A centaur (D:5)
  4 big kobolds (Sewer)
  3 scorpions
  6 wights
  A howler monkey (D:5)
  A quasit (D:6)
  A jelly (D:5)
  A hound (D:6)
  A bullfrog skeleton (D:6)
  2 iguanas
  An orc wizard (D:3)
  5 worker ants
  A hound zombie (D:6)
  A howler monkey skeleton (D:4)
  8 adders
  A river rat (Sewer)
  4 shadow imps
  3 oozes
  2 adder zombies (D:5)
  3 adder skeletons
  5 worms
  5 dart slugs
  3 leopard geckos
  6 orcs
  8 bats
  3 giant cockroaches
  8 goblins
  10 hobgoblins
  12 jackals (D:3)
  16 kobolds
  A quokka (D:5)
  2 ball pythons (Sewer)
  2 frilled lizards
  2 leopard gecko skeletons (D:6)
  15 rats
152 creatures vanquished.

Notes
Turn   | Place    | Note
-------+----------+-------------------------------------------
     0 | D:1      | Laiders72 the Draconian Transmuter began the quest for the Orb.
     0 | D:1      | Reached XP level 1. HP: 16/16 MP: 3/3
    38 | D:1      | You fall through a shaft!
   139 | D:1      | Reached XP level 2. HP: 18/23 MP: 5/5
   746 | D:2      | Learned a level 2 spell: Sticks to Snakes
   813 | D:2      | Noticed a hand axe
   813 | D:2      | Noticed a hand axe
   816 | D:2      | Found a hide-covered altar of Uskayaw.
   849 | D:2      | Reached XP level 3. HP: 29/29 MP: 6/6
  1359 | D:2      | Found a sparkling altar of Nemelex Xobeh.
  1359 | D:2      | Found a shattered altar of Ashenzari.
  1364 | D:2      | Became a worshipper of Ashenzari the Shackled
  1588 | D:3      | Learned a level 3 spell: Spider Form
  1626 | D:3      | Reached XP level 4. HP: 36/36 MP: 7/7
  1855 | D:3      | Found a bloodstained altar of Trog.
  2763 | D:3      | Reached XP level 5. HP: 39/42 MP: 9/9
  2929 | D:3      | Reached skill level 1 in Poison Magic
  3361 | D:4      | Found a deep blue altar of Sif Muna.
  3425 | D:4      | Found a glowing drain.
  3446 | Sewer    | Entered a sewer
  3499 | Sewer    | Reached XP level 6. HP: 22/51 MP: 10/10
  4258 | Sewer    | Reached * piety under Ashenzari
  4421 | Sewer    | Your scales start taking on a pale cyan-grey colour.
  4421 | Sewer    | Reached XP level 7. HP: 57/57 MP: 10/12
  5272 | D:5      | Entered Level 5 of the Dungeon
  6260 | D:5      | Reached skill level 5 in Unarmed Combat
  6260 | D:5      | Reached XP level 8. HP: 38/67 MP: 10/14
  6402 | D:5      | Learned a level 4 spell: Ice Form
  6754 | D:6      | Reached skill level 1 in Ice Magic
  7014 | D:6      | Learned a level 4 spell: Summon Ice Beast
  7193 | D:6      | Reached ** piety under Ashenzari
  7594 | D:6      | Reached skill level 1 in Summonings
  7610 | D:6      | Reached skill level 5 in Fighting
  8614 | D:6      | Found a shimmering altar of Xom.
  8821 | D:7      | Slain by an orc warrior

Vault maps used:
D:1:      lightli_arrival_farm
D:2:      dancing_weapons_uskayaw, gammafunk_temple_overflow_wave
D:3:      bloody_trog
D:4:      lemuel_doored_altar, portal_sewer_entry_d
D:5:      first_ration, minivault_5
D:6:      basic_altar, kennysheep_generic_room_14
D:7:      minmay_temple_entry_steel_oval
Sewer:    sewer_co_tree

Skill      XL: |  1  2  3  4  5  6  7  8 |
---------------+-------------------------+-----
Dodging        | 2 3 4 |  4.5
Fighting       | 2 3 4 5 |  5.0
Poison Magic   | 1 2 |  2.0
Spellcasting   | 3 4 |  4.7
Transmutations | 3 4 |  4.9
Unarmed Combat | 4 5 |  5.5
Ice Magic      | 2 |  2.8
Summonings     | 1 |  1.3

Action                   |  1- 3 |  4- 6 |  7- 9 || total
-------------------------+-------+-------+-------++-------
Melee: Unarmed           |   194 |   358 |   419 ||   971
       Tailslap          |    14 |    33 |    36 ||    83
       Punch             |     3 |     2 |     8 ||    13
       Headbutt          |     3 |     6 |    18 ||    27
 Cast: Beastly Appendage |     1 |     5 |     7 ||    13
       Spider Form       |       |     1 |     4 ||     5
       Sticks to Snakes  |       |     1 |    10 ||    11
Invok: Curse Item        |     2 |       |       ||     2
 Abil: Breathe Steam     |       |       |     2 ||     2
  Use: Scroll            |       |     8 |     2 ||    10
       Potion            |       |       |     3 ||     3
 Stab: Sleeping          |     3 |       |       ||     3
  Eat: Chunk             |     3 |    10 |     7 ||    20
       Ration            |       |       |     2 ||     2
Armor: Skin              |    59 |   111 |   124 ||   294
Dodge: Dodged            |   127 |   236 |   274 ||   637

Table legend:
 A = Spawn XP
 B = Non-spawn XP
 C = Spawn XP percentage of total XP
 D = Spawn monster count
 E = Non-spawn monster count
 F = Spawn count percentage of total count
 G = Total turns spent on level
                    A         B        C        D         E        F      G
               +---------+---------+-------+---------+---------+-------+---------
         Total |       0 |    2487 |   0.0 |       0 |     152 |   0.0 |  8821
               +---------+---------+-------+---------+---------+-------+---------
           D:1 |       0 |      27 |   0.0 |       0 |      17 |   0.0 |   732
           D:2 |       0 |      53 |   0.0 |       0 |      21 |   0.0 |   913
           D:3 |       0 |     146 |   0.0 |       0 |      38 |   0.0 |  1501
           D:4 |       0 |     178 |   0.0 |       0 |       6 |   0.0 |   902
           D:5 |       0 |     627 |   0.0 |       0 |      19 |   0.0 |  1643
           D:6 |       0 |     984 |   0.0 |       0 |      22 |   0.0 |  1810
           D:7 |       0 |       3 |   0.0 |       0 |       1 |   0.0 |    96
         Sewer |       0 |     469 |   0.0 |       0 |      28 |   0.0 |  1224
               +---------+---------+-------+---------+---------+-------+---------
